| TOP OF THE 1ST |
|
Salinas Fire Frogs batting - Pitching for San Jose Bees : RHP Kerry Burchett
|
|
Pitching: RHP Kerry Burchett
|
|
|
Batting: RHB Bobby Morin
|
0-0: Ball 1-0: Ball 2-0: Ball 3-0: Called Strike 3-1: Ground out 4-3 (Groundball, P, EV 88.1 MPH)
|
|
Batting: RHB Carlos Urias
|
0-0: Foul Ball, location: 2F 0-1: Fly out, F3 (Popup, 23F, EV 78.8 MPH)
|
|
Batting: RHB Kevin Mitchell
|
0-0: Swinging Strike 0-1: Ball 1-1: Ball 2-1: Called Strike 2-2: Foul Ball, location: 2F 2-2: Fly out, F6 (Popup, 4MS, EV 80.0 MPH)
|
| Top of the 1st over - 0 runs, 0 hits, 0 errors, 0 left on base; Salinas 0 - San Jose 0 |
| BOTTOM OF THE 1ST |
|
San Jose Bees batting - Pitching for Salinas Fire Frogs : LHP Ricardo Franco
|
|
Pitching: LHP Ricardo Franco
|
|
|
Batting: RHB Anthony Laurenzi
|
0-0: Ball 1-0: Foul Ball, location: 2F 1-1: Ball 2-1: Ball 3-1: Fly out, F7 (Flyball, 78S, EV 88.1 MPH)
|
|
Batting: RHB Ron MacDonald
|
0-0: Ground out 3-1 (Groundball, 34, EV 108.8 MPH)
|
|
Batting: LHB Stanley Davis
|
0-0: Called Strike 0-1: Ball 1-1: Reached on error, E6 (Groundball, 6S, EV 64.4 MPH)
|
|
Batting: RHB Ricky McMullen
|
0-0: Ball 1-0: Ball 2-0: Foul Ball, location: 2F 2-1: Ball 3-1: Base on Balls
|
|
Batting: RHB Michael Parker
|
0-0: Called Strike 0-1: Ball 1-1: Swinging Strike 1-2: SINGLE (Line Drive, 4D, EV 98.1 MPH) Stanley Davis to third Ricky McMullen to second Runner from 3rd tries for Home, SAFE, throw by CF to home
|
|
Batting: RHB Timothy Wallace
|
0-0: Called Strike 0-1: Called Strike 0-2: DOUBLE (Line Drive, 7LD, EV 98.8 MPH) Ricky McMullen scores Michael Parker to third Runner from 3rd tries for Home, SAFE, no throw by LF
|
|
Batting: LHB Dale Weaver
|
0-0: Called Strike 0-1: Ball 1-1: SINGLE (Line Drive, 34D, EV 97.5 MPH) Timothy Wallace to third Runner from 3rd tries for Home, SAFE, throw by RF to home
|
|
Batting: RHB David Hoyt
|
0-0: Ball 1-0: Ball 2-0: Fly out, F9 (Flyball, 9D, EV 104.4 MPH)
|
| Bottom of the 1st over - 4 runs, 3 hits, 1 error, 1 left on base; Salinas 0 - San Jose 4 |
| TOP OF THE 2ND |
|
Salinas Fire Frogs batting - Pitching for San Jose Bees : RHP Kerry Burchett
|
|
Batting: RHB Jason Felice
|
0-0: Fly out, F9 (Flyball, 9LM, EV 90.6 MPH)
|
|
Batting: RHB Bruce Morrison
|
0-0: Called Strike 0-1: Ball 1-1: Fly out, F7 (Flyball, 7S, EV 91.3 MPH)
|
|
Batting: LHB Daryl Pitts
|
0-0: Foul Ball, location: 2F 0-1: Called Strike 0-2: Ground out 6-3 (Groundball, P, EV 88.8 MPH)
|
| Top of the 2nd over - 0 runs, 0 hits, 0 errors, 0 left on base; Salinas 0 - San Jose 4 |
| BOTTOM OF THE 2ND |
|
San Jose Bees batting - Pitching for Salinas Fire Frogs : LHP Ricardo Franco
|
|
Batting: RHB Bill Pinkham
|
0-0: Called Strike 0-1: Fly out, F8 (Flyball, 8LS, EV 96.3 MPH)
|
|
Batting: RHB Anthony Laurenzi
|
0-0: Called Strike 0-1: Ball 1-1: Fly out, F8 (Flyball, 8LXD, EV 108.1 MPH)
|
|
Batting: RHB Ron MacDonald
|
0-0: Called Strike 0-1: Ball 1-1: Ball 2-1: Ball 3-1: Ground out 4-3 (Groundball, 4, EV 104.4 MPH)
|
| Bottom of the 2nd over - 0 runs, 0 hits, 0 errors, 0 left on base; Salinas 0 - San Jose 4 |
| TOP OF THE 3RD |
|
Salinas Fire Frogs batting - Pitching for San Jose Bees : RHP Kerry Burchett
|
|
Batting: RHB Jordan Chavez
|
0-0: Foul Ball, location: 2F 0-1: Fly out, F9 (Flyball, 9LS, EV 75.6 MPH)
|
|
Batting: LHB Charles McGehee
|
0-0: Called Strike 0-1: Foul Ball, location: 2F 0-2: Foul Ball, location: 2F 0-2: Ball 1-2: Ground out 4-3 (Groundball, 4, EV 105.6 MPH)
|
|
Batting: RHB Roderick Shepard
|
0-0: Called Strike 0-1: Ground out U3 (Groundball, 3S, EV 86.9 MPH)
|
| Top of the 3rd over - 0 runs, 0 hits, 0 errors, 0 left on base; Salinas 0 - San Jose 4 |
| BOTTOM OF THE 3RD |
|
San Jose Bees batting - Pitching for Salinas Fire Frogs : LHP Ricardo Franco
|
|
Batting: LHB Stanley Davis
|
0-0: SINGLE (Groundball, 34S, EV 66.9 MPH) (infield hit)
|
|
Batting: RHB Ricky McMullen
|
0-0: Ball 1-0: Ball 2-0: Ball 3-0: Base on Balls Stanley Davis to second
|
|
Batting: RHB Michael Parker
|
0-0: Ball 1-0: Ball 2-0: Ball 3-0: Called Strike 3-1: Called Strike 3-2: Fly out, F8 (Flyball, 8RXD, EV 104.4 MPH) Runner from 2nd tags up, SAFE at 3rd, no throw by CF
|
|
Batting: RHB Timothy Wallace
|
0-0: Called Strike 0-1: Ball 1-1: Grounds into double play, 5-4-3 (Groundball, 56, EV 81.3 MPH)
|
| Bottom of the 3rd over - 0 runs, 1 hit, 0 errors, 1 left on base; Salinas 0 - San Jose 4 |
| TOP OF THE 4TH |
|
Salinas Fire Frogs batting - Pitching for San Jose Bees : RHP Kerry Burchett
|
|
Batting: RHB Bobby Morin
|
0-0: Ball 1-0: Ball 2-0: Ball 3-0: Called Strike 3-1: Fly out, F7 (Flyball, 7LM, EV 81.9 MPH)
|
|
Batting: RHB Carlos Urias
|
0-0: Foul Ball, location: 2F 0-1: Ball 1-1: Called Strike 1-2: Ball 2-2: Ground out 4-3 (Groundball, 4S, EV 85.0 MPH)
|
|
Batting: RHB Kevin Mitchell
|
0-0: Ball 1-0: Ball 2-0: Fly out, F8 (Flyball, 8RXD, EV 103.8 MPH)
|
| Top of the 4th over - 0 runs, 0 hits, 0 errors, 0 left on base; Salinas 0 - San Jose 4 |
| BOTTOM OF THE 4TH |
|
San Jose Bees batting - Pitching for Salinas Fire Frogs : LHP Ricardo Franco
|
|
Batting: LHB Dale Weaver
|
0-0: Called Strike 0-1: Fly out, F7 (Flyball, 7LS, EV 85.0 MPH)
|
|
Batting: RHB David Hoyt
|
0-0: Ball 1-0: Swinging Strike 1-1: Ball 2-1: Fly out, F4 (Popup, 34S, EV 83.8 MPH)
|
|
Batting: RHB Bill Pinkham
|
0-0: Ground out 6-3 (Groundball, 6, EV 87.5 MPH)
|
| Bottom of the 4th over - 0 runs, 0 hits, 0 errors, 0 left on base; Salinas 0 - San Jose 4 |
| TOP OF THE 5TH |
|
Salinas Fire Frogs batting - Pitching for San Jose Bees : RHP Kerry Burchett
|
|
Batting: RHB Jason Felice
|
0-0: Called Strike 0-1: Ball 1-1: Ball 2-1: Swinging Strike 2-2: Foul Ball, location: 2F 2-2: TRIPLE (Line Drive, 78XD, EV 104.4 MPH)
|
|
Batting: RHB Bruce Morrison
|
0-0: Fly out, F8 (Flyball, 89XD, EV 79.4 MPH) Runner from 3rd tags up, SCORES, no throw by CF
|
|
Batting: LHB Daryl Pitts
|
0-0: Ground out 3-1 (Groundball, 34S, EV 90.0 MPH)
|
|
Batting: RHB Jordan Chavez
|
0-0: Ball 1-0: Foul Ball, location: 2F 1-1: Foul Ball, location: 2F 1-2: Ball 2-2: Ground out 6-3 (Groundball, 6, EV 99.4 MPH)
|
| Top of the 5th over - 1 run, 1 hit, 0 errors, 0 left on base; Salinas 1 - San Jose 4 |
| BOTTOM OF THE 5TH |
|
San Jose Bees batting - Pitching for Salinas Fire Frogs : LHP Ricardo Franco
|
|
Batting: RHB Anthony Laurenzi
|
0-0: Ball 1-0: Called Strike 1-1: Foul Ball, location: 2F 1-2: Fly out, F9 (Flyball, 9LS, EV 89.4 MPH)
|
|
Batting: RHB Ron MacDonald
|
0-0: Ground out 6-3 (Groundball, 6, EV 79.4 MPH)
|
|
Batting: LHB Stanley Davis
|
0-0: Called Strike 0-1: Ball 1-1: SINGLE (Line Drive, 78M, EV 106.3 MPH)
|
|
Batting: RHB Ricky McMullen
|
0-0: Ball 1-0: Foul Ball, location: 2F 1-1: Fielders Choice at 2nd, 6-4 (Groundball, 6, EV 101.9 MPH)
|
| Bottom of the 5th over - 0 runs, 1 hit, 0 errors, 1 left on base; Salinas 1 - San Jose 4 |
| TOP OF THE 6TH |
|
Salinas Fire Frogs batting - Pitching for San Jose Bees : RHP Kerry Burchett
|
|
Batting: LHB Charles McGehee
|
0-0: Called Strike 0-1: SINGLE (Groundball, 34D, EV 98.8 MPH)
|
|
Batting: RHB Roderick Shepard
|
0-0: Ball 1-0: Ball 2-0: Swinging Strike 2-1: Foul Ball, location: 2F 2-2: Strikes out looking
|
|
Batting: RHB Bobby Morin
|
0-0: Ball 1-0: Ball 2-0: Called Strike 2-1: Ball 3-1: Base on Balls Charles McGehee to second
|
|
Batting: RHB Carlos Urias
|
0-0: Ball 1-0: Ball 2-0: Called Strike 2-1: Grounds into double play, 5-4-3 (Groundball, 56, EV 83.8 MPH)
|
| Top of the 6th over - 0 runs, 1 hit, 0 errors, 1 left on base; Salinas 1 - San Jose 4 |
| BOTTOM OF THE 6TH |
|
San Jose Bees batting - Pitching for Salinas Fire Frogs : LHP Ricardo Franco
|
|
Batting: RHB Michael Parker
|
0-0: Ball 1-0: SINGLE (Groundball, 6S, EV 68.8 MPH) (infield hit)
|
|
Batting: RHB Timothy Wallace
|
0-0: Grounds into double play, 5-4-3 (Groundball, 56, EV 109.4 MPH)
|
|
Batting: LHB Dale Weaver
|
0-0: Ball 1-0: Ball 2-0: Foul Ball, location: 2F 2-1: Called Strike 2-2: Foul Ball, location: 2F 2-2: Ground out 4-3 (Groundball, 4, EV 77.5 MPH)
|
| Bottom of the 6th over - 0 runs, 1 hit, 0 errors, 0 left on base; Salinas 1 - San Jose 4 |
| TOP OF THE 7TH |
|
Salinas Fire Frogs batting - Pitching for San Jose Bees : RHP Kerry Burchett
|
|
Batting: RHB Kevin Mitchell
|
0-0: Ground out 5-3 (Groundball, 5, EV 108.1 MPH)
|
|
Batting: RHB Jason Felice
|
0-0: Ball 1-0: Called Strike 1-1: Foul Ball, location: 2F 1-2: Ball 2-2: Fly out, F9 (Flyball, 9, EV 87.5 MPH)
|
|
Batting: RHB Bruce Morrison
|
0-0: Fly out, F8 (Flyball, 8RS, EV 80.6 MPH)
|
| Top of the 7th over - 0 runs, 0 hits, 0 errors, 0 left on base; Salinas 1 - San Jose 4 |
| BOTTOM OF THE 7TH |
|
San Jose Bees batting - Pitching for Salinas Fire Frogs : LHP Ricardo Franco
|
|
Batting: RHB David Hoyt
|
0-0: Foul Ball, location: 2F 0-1: Fly out, F9 (Flyball, 9D, EV 106.9 MPH)
|
|
Batting: RHB Bill Pinkham
|
0-0: Ground out 5-3 (Groundball, 15, EV 91.9 MPH)
|
|
Batting: RHB Anthony Laurenzi
|
0-0: Fly out, F8 (Flyball, 89D, EV 103.1 MPH)
|
| Bottom of the 7th over - 0 runs, 0 hits, 0 errors, 0 left on base; Salinas 1 - San Jose 4 |
| TOP OF THE 8TH |
|
Salinas Fire Frogs batting - Pitching for San Jose Bees : RHP Kerry Burchett
|
|
Batting: LHB Daryl Pitts
|
0-0: Ball 1-0: Called Strike 1-1: Swinging Strike 1-2: Foul Ball, location: 2F 1-2: Foul Ball, location: 2F 1-2: Foul Ball, location: 2F 1-2: Ball 2-2: Foul Ball, location: 2F 2-2: Ball 3-2: Fly out, F8 (Flyball, 8LM, EV 78.8 MPH)
|
|
Batting: RHB Jordan Chavez
|
0-0: Called Strike 0-1: Fly out, F8 (Flyball, 8LD, EV 96.9 MPH)
|
|
Batting: LHB Charles McGehee
|
0-0: Ball 1-0: Ball 2-0: Called Strike 2-1: Ground out 4-3 (Groundball, 4S, EV 92.5 MPH)
|
| Top of the 8th over - 0 runs, 0 hits, 0 errors, 0 left on base; Salinas 1 - San Jose 4 |
| BOTTOM OF THE 8TH |
|
San Jose Bees batting - Pitching for Salinas Fire Frogs : LHP Ricardo Franco
|
|
Batting: RHB Ron MacDonald
|
0-0: Ball 1-0: Fly out, F8 (Flyball, 8LS, EV 85.0 MPH)
|
|
Batting: LHB Stanley Davis
|
0-0: Ball 1-0: Foul Ball, location: 2F 1-1: Ball 2-1: DOUBLE (Line Drive, 5D, EV 103.8 MPH)
|
|
Batting: RHB Ricky McMullen
|
0-0: Ball 1-0: Called Strike 1-1: Foul Ball, location: 2F 1-2: Ball 2-2: Foul Ball, location: 2F 2-2: Ground out 6-3 (Groundball, 6, EV 86.3 MPH) Stanley Davis to third
|
|
Batting: RHB Michael Parker
|
0-0: Ball 1-0: Ball 2-0: Swinging Strike 2-1: SINGLE (Groundball, 6MS, EV 85.6 MPH) (infield hit) Stanley Davis scores
|
|
Batting: RHB Timothy Wallace
|
0-0: Called Strike 0-1: Ball 1-1: Ball 2-1: Fly out, F8 (Flyball, 8RM, EV 88.8 MPH)
|
| Bottom of the 8th over - 1 run, 2 hits, 0 errors, 1 left on base; Salinas 1 - San Jose 5 |
| TOP OF THE 9TH |
|
Salinas Fire Frogs batting - Pitching for San Jose Bees : RHP Kerry Burchett
|
|
Batting: RHB Roderick Shepard
|
0-0: Ground out 4-3 (Groundball, 4, EV 75.6 MPH)
|
|
Batting: RHB Bobby Morin
|
0-0: Swinging Strike 0-1: Swinging Strike 0-2: SINGLE (Line Drive, 4MD, EV 106.9 MPH)
|
|
Batting: RHB Carlos Urias
|
0-0: Ball 1-0: Grounds into double play, 5-4-3 (Groundball, 56, EV 97.5 MPH)
|
| Top of the 9th over - 0 runs, 1 hit, 0 errors, 0 left on base; Salinas 1 - San Jose 5 |
|